 Seeded DCSS version 0.29.1-15-g9cfb28693d (webtiles) character file.

Game seed: 1 (custom seed)

1156 Kazon the Sneak (level 8, -1/55 HPs)
             Began as an Octopode Transmuter on Mar 23, 2023.
             Blown up by a centaur (5 damage)
             ... with a mindburst bolt
             ... on level 5 of the Dungeon.
             The game lasted 00:19:03 (3495 turns).

Kazon the Sneak (Octopode Transmuter)               Turns: 3495, Time: 00:19:04

Health: -1/55      AC:  1    Str: 11    XL:     8   Next: 39%
Magic:  12/12      EV: 19    Int: 17    God:
Gold:   336        SH:  5    Dex: 13    Spells: 7/13 levels left

rFire   . . .      SeeInvis +   e - +2 dagger (venom)
rCold   . . .      Faith    .   c - +0 buckler
rNeg    + . .      Spirit   .   (helmet restricted)
rPois   +          Reflect  .   d - amulet of the acrobat
rElec   .          Harm     .   w - ring "Isythot" {rPois EV+4 Int+2 SInv}
rCorr   .          Rampage  .   o - ring of positive energy
Will    .....                   (no ring)
Stlth   ++++......              (no ring)
HPRegen 0.18/turn               (no ring)
MPRegen 0.13/turn               (no ring)
                                (no ring)
                                (no ring)

@: no status effects
A: almost no armour, amphibious, 8 rings, camouflage 1, gelatinous body 1,
(nimble swimmer 1), tentacles
a: no special abilities


You were on level 5 of the Dungeon.
You visited 1 branch of the dungeon, and saw 5 of its levels.

You collected 336 gold pieces.

Inventory:

Hand Weapons
 e - a +2 dagger of venom (weapon)
 s - a +1 long sword of protection
Missiles
 h - 10 stones (quivered)
 l - 5 boomerangs
 n - a throwing net
Armour
 c - a +0 buckler (worn)
Jewellery
 d - an amulet of the acrobat (around mantle)
 o - a ring of positive energy (right tentacle)
 w - the ring "Isythot" (left tentacle) {rPois EV+4 Int+2 SInv}
   (You acquired it on level 1 of the Dungeon)

   [ring of evasion]

   EV:        It affects your evasion (+4).
   Int:       It affects your intelligence (+2).
   rPois:     It protects you from poison.
   SInv:      It lets you see invisible.
Wands
 x - a wand of flame (12)
Scrolls
 i - 8 scrolls of identify
 k - 2 scrolls of immolation {unknown}
 m - a scroll of fog {unknown}
 p - a scroll of poison {unknown}
 q - a scroll of magic mapping {unknown}
 r - a scroll of noise {unknown}
 t - a scroll of teleportation {unknown}
Potions
 a - a potion of ambrosia {unknown}
 b - 2 potions of berserk rage {unknown}
 f - a potion of flight {unknown}
 g - a potion of attraction {unknown}
 j - 2 potions of haste {unknown}
 u - 3 potions of lignification
 v - a potion of magic {unknown}


   Skills:
 * Level 5.0 Fighting
 + Level 5.0(5.7) Short Blades
 + Level 3.8(5.1) Long Blades
 + Level 4.1 Throwing
 * Level 7.0 Dodging
 + Level 7.3 Stealth
 + Level 4.1 Shields
 + Level 3.5 Unarmed Combat
 + Level 3.1 Spellcasting
 + Level 3.1 Transmutations


You had 7 spell levels left.
You knew the following spells:

 Your Spells              Type           Power      Damage    Failure   Level
a - Beastly Appendage     Tmut           26%        N/A       6%          1
b - Wereblood             Tmut           13%        N/A       9%          2
c - Spider Form           Tmut/Pois      8%         N/A       34%         3

Your spell library contained the following spells:

 Spells                   Type           Power      Damage    Failure   Level
 Sting                    Tmut/Pois      32%        1d4       12%         1
 Apportation              Tloc           4%         N/A       22%         1
 Necrotise                Necr           8%         1d4       22%         1
 Summon Small Mammal      Summ           8%         N/A       22%         1
 Poisonous Vapours        Pois/Air       4%         N/A       32%         2
 Ice Form                 Ice/Tmut       8%         N/A       75%         4
 Olgreb's Toxic Radiance  Pois           2%         N/A       91%         4
 Fireball                 Conj/Fire      1%         3d3       99%         5
 Iskenderun's Battlesphe  Conj           2%         2d6       99%         5
 Conjure Ball Lightning   Conj/Air       1%         3x3d6     100%        6
 Orb of Destruction       Conj           1%         9d5       100%        7


Dungeon Overview and Level Annotations

Branches:
Dungeon (5/15)
 Temple: D:4-7

Altars:
Hepliaklqana

Shops:
D:3 (


Innate Abilities, Weirdness & Mutations

You cannot wear most types of armour.
You are amphibious.
You can wear up to eight rings at the same time.
Your skin changes colour to match your surroundings (Stealth+).
Your rubbery body absorbs attacks. (AC +1, EV +1)
((You are camouflaged when in or above water. (Stealth+)))
You have tentacles for arms and can constrict up to eight enemies at once.


Message History

You hit Eustachio but do no damage. You squeeze Eustachio!
Eustachio is almost dead.
You constrict Eustachio. You block the bat's attack.
The bat completely misses you. x2; Eustachio misses you.
You hit Eustachio but do no damage.
Eustachio looks as sick as possible!
You pierce Eustachio, but do no damage.
Eustachio is almost dead.
You constrict Eustachio, but do no damage.
You block the bat's attack. The bat hits you.
* * * LOW HITPOINT WARNING * * *
You block the iron imp's attack.
Eustachio zaps a wand.
The puff of flame hits you!
* * * LOW HITPOINT WARNING * * *
You hit Eustachio but do no damage.
Eustachio looks as sick as possible!
You pierce Eustachio.
You kill Eustachio!
The bat disappears in a puff of smoke!
The shadow imp disappears in a puff of smoke!
The iron imp disappears in a puff of smoke!
The crimson imp disappears in a puff of smoke!
The bat disappears in a puff of smoke!
The quokka disappears in a puff of smoke!
Your Dodging skill increases to level 7!
x - a wand of flame (12)
Things that are here:
a +1 rapier of speed; a +3 leather armour of cold resistance Your transformation is almost over.
Your tentacle spike disappears.
k - 2 scrolls labelled ZARRYHUSHRE (gained 1)
Found a potion of lignification.
Found a stone staircase leading down.
u - 3 potions of lignification (gained 1)
Found a stone staircase leading up.
A centaur comes into view.
It is quivering curare-tipped darts and carrying a wand of mindburst (20).
The centaur wields a +0 shortbow.
The centaur shoots an arrow.
The arrow hits you!
* * * LOW HITPOINT WARNING * * *
There is a stone staircase leading up, spattered with blood here.
The centaur zaps a wand.
Your mind is blasted!
You die...

##........# ##..# ###
##.......# ..## ..##
###..#### #..## ...##
##.## ...# ....###..###
... .....#.....#### ..#
..............#### #..#
.....####........###.c#
.....# ####....@....#
.....# #...###......#
....## #......###...#
...## #.......###..#
#### #........##..#
#........##..#
#........###..
##......## ... ##.....#
....


You could see a centaur.

Vanquished Creatures
  Eustachio (D:5)
  A sky beast (D:5)
  A centaur (D:5)
  5 scorpions
  A howler monkey (D:5)
  A hound (D:4)
  An orc priest (D:3)
  3 iguanas
  Robin (D:3)
  6 gnolls
  7 adders
  An ufetubus (D:5)
  3 worms
  5 orcs
  11 endoplasms
  A giant cockroach (D:1)
  16 goblins
  9 hobgoblins
  A jackal (D:4)
  4 kobolds
  A quokka (D:1)
  5 ball pythons
  4 bats
  3 frilled lizards
  6 rats
98 creatures vanquished.

Notes
Turn   | Place    | Note
-------+----------+-------------------------------------------
     0 | D:1      | Kazon the Octopode Transmuter began the quest for the Orb.
     0 | D:1      | Reached XP level 1. HP: 13/13 MP: 3/3
    34 | D:1      | Identified a scroll of acquirement
    34 | D:1      | Acquired the ring "Isythot" {rPois EV+4 Int+2 SInv}
   137 | D:1      | Reached XP level 2. HP: 11/18 MP: 3/5
   788 | D:2      | Reached XP level 3. HP: 23/23 MP: 6/6
   903 | D:2      | Learned a level 2 spell: Wereblood
   907 | D:2      | Learned a level 3 spell: Spider Form
  1187 | D:2      | Reached skill level 1 in Stealth
  1289 | D:2      | Reached XP level 4. HP: 15/28 MP: 3/7
  1541 | D:3      | Found Umat's Antique Weapon Boutique.
  1607 | D:3      | Reached skill level 1 in Short Blades
  1731 | D:3      | Noticed Robin
  1744 | D:3      | Killed Robin
  1745 | D:3      | Reached XP level 5. HP: 33/33 MP: 7/9
  1983 | D:3      | Reached XP level 6. HP: 44/44 MP: 10/10
  2269 | D:4      | Reached XP level 7. HP: 49/49 MP: 11/11
  2498 | D:4      | Found a hazy altar of Hepliaklqana.
  3101 | D:5      | Entered Level 5 of the Dungeon
  3245 | D:5      | Reached skill level 5 in Short Blades
  3343 | D:5      | Reached XP level 8. HP: 54/54 MP: 12/12
  3345 | D:5      | Noticed Eustachio
  3417 | D:5      | Reached skill level 5 in Fighting
  3428 | D:5      | HP: 1/55 [Eustachio/puff of flame (11)]
  3429 | D:5      | Killed Eustachio
  3495 | D:5      | Blown up by a centaur

Illustrated notes

Levels and vault maps discovered:
D:1:      dpeg_arrival_three_smaller_balls, layout_basic
D:2:      layout_loops_ring
D:3:      layout_basic, serial_shops, nicolae_shop_stone, st_stairs_9,
          minmay_misc_feat_doors, eino_curves_03, uniq_robin
D:4:      minmay_wonky_spiral, layout_basic,
          mainiacjoe_overflow_surrounded_room, minivault_5
D:5:      layout_cave_pods, uniq_menkaure, uniq_eustachio

Skill      XL: |  1  2  3  4  5  6  7  8 |
---------------+-------------------------+-----
Stealth        | 1 6 7 |  7.3
Short Blades   | 1 4 5 |  5.0
Fighting       | 4 5 |  5.0
Long Blades    | 3 |  3.8
Throwing       | 3 4 |  4.1
Dodging        | 6 7 |  7.0
Shields        | 4 |  4.1
Spellcasting   | 3 |  3.1
Transmutations | 3 |  3.1
Unarmed Combat | |  3.5

Action                   |  1- 3 |  4- 6 |  7- 9 || total
-------------------------+-------+-------+-------++-------
Melee: Dagger            |    71 |    53 |    63 ||   187
       Kick              |    16 |     8 |    10 ||    34
       Unarmed           |     3 |       |       ||     3
       Tentacles         |    14 |     8 |    15 ||    37
       Constrict         |    18 |    20 |    11 ||    49
       Punch             |     2 |     3 |     1 ||     6
Throw: Stone             |     5 |     6 |    20 ||    31
 Cast: Beastly Appendage |    12 |     3 |     2 ||    17
       Wereblood         |     2 |     3 |       ||     5
  Use: Scroll            |     1 |       |     1 ||     2
       Potion            |       |     1 |       ||     1
 Stab: Sleeping          |     6 |     7 |    10 ||    23
       Distracted        |       |       |     1 ||     1
Armor: Skin              |     2 |     1 |     5 ||     8
Dodge: Dodged            |    45 |    34 |    54 ||   133
Block: Buckler           |       |       |    11 ||    11
